 Dungeon Crawl Stone Soup version 0.28-a0-1412-gf95308ed99 (webtiles) character file.

Game seed: 11854807674325362899

7 snetch the Grave Robber (level 2, -1/20 HPs)
             Began as a Ghoul Necromancer on Jan 6, 2022.
             Slain by a hobgoblin (2 damage)
             ... on level 3 of the Dungeon.
             The game lasted 00:01:31 (397 turns).

snetch the Grave Robber (Ghoul Necromancer)          Turns: 397, Time: 00:01:32

Health: -1/20      AC:  2    Str: 11    XL:     2   Next: 0%
Magic:  3/3        EV: 12    Int: 10    God:
Gold:   0          SH:  0    Dex:  9    Spells: 3/4 levels left

rFire   . . .      SeeInvis .   (no weapon)
rCold   + . .      Faith    .   (no shield)
rNeg    + + +      Spirit   .   a - +0 robe
rPois   ∞          Reflect  .   (no helmet)
rElec   .          Harm     .   (no cloak)
rCorr   .          Rampage  .   (no gloves)
Will    .....                   (no boots)
Stlth   ++........              (no amulet)
HPRegen 0.00/turn               (no ring)
MPRegen 0.08/turn               (no ring)

@: inhibited regen
A: claws 1, cold resistance 1, negative energy resistance 3, inhibited
regeneration, torment resistance 2
a: no special abilities


You were on level 3 of the Dungeon.
You visited 1 branch of the dungeon, and saw 3 of its levels.

Inventory:

Armour
 a - a +0 robe (worn)


   Skills:
 + Level 1.7 Dodging
 + Level 2.1 Stealth
 + Level 1.7 Spellcasting
 + Level 4.4 Necromancy


You had 3 spell levels left.
You knew the following spells:

 Your Spells              Type           Power      Damage    Failure   Level
a - Pain                  Necr           36%        1d5       5%          1

Your spell library contained the following spells:

 Spells                   Type           Power      Damage    Failure   Level
 Animate Skeleton         Necr           18%        N/A       5%          1
 Vampiric Draining        Necr           9%         2d6       16%         3
 Animate Dead             Necr           4%         N/A       45%         4
 Agony                    Necr           9%         N/A       82%         5


Dungeon Overview and Level Annotations

Branches:
Dungeon (3/15)

Altars:


Innate Abilities, Weirdness & Mutations

You thrive by killing the living.
You are immune to poison.
You have sharp fingernails.
Your flesh is cold resistant. (rC+)
You are immune to negative energy. (rN+++)
You do not regenerate when monsters are visible.
You are immune to unholy pain and torment.


Message History

Things that are here:
a +0 club; a goblin corpse HP restored.
An adder and an endoplasm come into view.
The adder hisses angrily.
A hobgoblin comes into view.
The hobgoblin shouts!
You hear a shout!
The endoplasm quivers.
A kobold comes into view. It is wielding a +0 short sword.
You scratch the adder but do no damage. The adder bites you.
The adder barely misses you.
The kobold throws a stone.
The stone barely misses you.
The endoplasm jiggles.
Casting: Pain (safe; 5% risk of failure)
Confirm with . or Enter, or press ? or * to list all spells.
Aiming: Pain (safe; 5% risk of failure)
Press: ? - help, Shift-Dir - straight line, f - adder
Aim: an adder (chance to affect: 69%)
The adder writhes in agony.
The adder bites you. x2
You barely miss the hobgoblin. The hobgoblin closely misses you.
You barely miss the hobgoblin. The hobgoblin hits you.
You closely miss the hobgoblin. The hobgoblin barely misses you.
You closely miss the hobgoblin. The hobgoblin hits you.
* * * LOW HITPOINT WARNING * * *
You open the door. The hobgoblin hits you.
* * * LOW HITPOINT WARNING * * *
There is an open door here.
A dart slug comes into view.
The dart slug moves out of view.
Things that are here:
a +0 club; a goblin corpse
There is a stone staircase leading down here.
The hobgoblin hits you.
* * * LOW HITPOINT WARNING * * *
You climb downwards.
There is a stone staircase leading up here.
You scratch the hobgoblin.
The hobgoblin is lightly wounded.
The hobgoblin hits you.
You die...

###
#@#
#g#
#.#
...
...
.#.##
.#.#
#.#.#


You could see a hobgoblin.

Vanquished Creatures
  A goblin (D:2)
  2 hobgoblins (D:1)
  A ball python (D:1)
  A bat (D:1)
  A frilled lizard (D:1)
  A kobold (D:1)
7 creatures vanquished.

Notes
Turn   | Place    | Note
-------+----------+-------------------------------------------
     0 | D:1      | snetch the Ghoul Necromancer began the quest for the Orb.
     0 | D:1      | Reached XP level 1. HP: 14/14 MP: 2/2
   334 | D:2      | Reached XP level 2. HP: 19/20 MP: 3/3
   395 | D:2      | HP: 1/20 [hobgoblin (2)]
   397 | D:3      | Slain by a hobgoblin

Illustrated notes

Levels and vault maps discovered:
D:1:      saegor_arrival_simple_a, layout_rooms
D:2:      layout_basic, ebering_ecumenical_altar_abandoned, nicolae_wormholes
D:3:      layout_basic, serial_co_window_serial, co_window_paths_b,
          co_window_of_opportunity_a, co_window_corner_a, co_window_paths_b,
          co_window_corner_a, co_window_paths_b, co_window_corner_ca,
          co_window_2corner, co_window_broadway_b, co_window_2corner,
          co_window_of_opportunity_b, co_window_of_opportunity_b,
          glass_columns_b, uniq_ijyb, uniq_sigmund

Action                   || total
-------------------------++-------
Melee: Unarmed           ||    40
 Cast: Pain              ||     1
Armor: Robe              ||     6
Dodge: Dodged            ||    29

Table legend: (Time is in decaauts)
 A = Elapsed time spent in this place.
 B = Non-inter-level travel time spent in this place.
 C = Inter-level travel time spent in this place.
 D = Time resting spent in this place.
 E = Time spent auto-exploring this place.
 F = Levels seen in this place.
 G = Mean time per level.
                   A        B        C        D        E       F      G
               +--------+--------+--------+--------+--------+-----+--------+
         Total |    397 |    397 |      0 |      0 |    282 |   3 |  132.3 |
       Dungeon |    397 |    397 |      0 |      0 |    282 |   3 |  132.3 |
               +--------+--------+--------+--------+--------+-----+--------+

Top non-repeatable levels by time:
     D:1: 310 daAuts
     D:2: 84 daAuts
     D:3: 3 daAuts
